 Dungeon Crawl Stone Soup version 0.31-a0-978-g1e143483b6 (webtiles) character file.

Game seed: 17681303698838302397

3523 Dirtsage the Mimic (level 10, -13/66 HPs)
             Began as an Octopode Shapeshifter on Oct 30, 2023.
             Was a Believer of Wu Jian.
             Mangled by an orc warlord
             ... wielding a +5 executioner's axe
              (36 damage)
             ... in a bailey.
             The game lasted 00:15:46 (8188 turns).

Dirtsage the Mimic (Octopode Shapeshifter)          Turns: 8188, Time: 00:15:47

Health: -13/66     AC:  1    Str: 13    XL:     10   Next: 8%
Magic:  10/10      EV: 13    Int: 13    God:    Wu Jian [**....]
Gold:   480        SH:  5    Dex: 16    Spells: 9/9 levels left

rFire   . .          .
                       - Unarmed
rCold   . . .        (no shield)
rNeg    . . .        (helmet restricted)
rPois   .            m - amulet of reflection
rElec   .            f - ring of flight
rCorr   .            (no ring)
SInv    .            (no ring)
Will    .....        (no ring)
Stlth   +++          (no ring)
HPRegen 0.31/turn    (no ring)
MPRegen 0.12/turn    (no ring)
                     (no ring)

%: reflection
@: mighty, maw-form, flying
A: devouring maw, almost no armour, amphibious, 8 rings, camouflage 1,
gelatinous body 1, nimble swimmer 1, tentacles
a: Begin Untransformation, Renounce Religion, Wall Jump


You were in a bailey.
You worshipped Wu Jian.
Wu Jian was pleased with you.
You were a creature with a mouth for a stomach.
You visited 2 branches of the dungeon, and saw 9 of its levels.
You also visited: Bailey.

You collected 480 gold pieces.

Inventory:

Armour
 n - a +1 hat
Jewellery
 f - a ring of flight (left tentacle)
 k - an amulet of magic regeneration
 m - an amulet of reflection (around mantle)
Talismans
 b - a beast talisman
 v - a maw talisman (active)
Scrolls
 e - 5 scrolls of enchant armour
 h - 2 scrolls of silence
 j - 2 scrolls of vulnerability
 p - a scroll of revelation
 s - a scroll of torment
 t - 4 scrolls of teleportation
 x - a scroll of brand weapon
 B - a scroll of blinking
Potions
 c - a potion of enlightenment
 d - 2 potions of might
 g - a potion of mutation
 l - a potion of heal wounds
 o - a potion of cancellation
 q - 2 potions of curing
 r - 2 potions of haste {unknown}
 w - 3 potions of invisibility


   Skills:
 + Level 5.1 Fighting
 * Level 2.0 Dodging
 + Level 8.0 Unarmed Combat
 + Level 10.4 Shapeshifting


You had 9 spell levels left.
You didn't know any spells.
Your spell library contained the following spells:

 Spells                   Type           Power      Damage    Failure   Level
 Apportation              Tloc           0%         N/A       30%         1
 Kiss of Death            Conj/Necr      0%         2d5       30%         1
 Magic Dart               Conj           0%         1d3       30%         1
 Necrotise                Necr           0%         1d4       30%         1
 Sting                    Tmut/Pois      0%         1d3       30%         1
 Summon Small Mammal      Summ           0%         N/A       30%         1
 Jinxbite                 Hex            0%         N/A       43%         2
 Lesser Beckoning         Tloc           0%         N/A       43%         2
 Poisonous Vapours        Pois/Air       0%         N/A       43%         2
 Searing Ray              Conj           0%         2d4       43%         2
 Gell's Gravitas          Tloc           0%         N/A       67%         3
 Teleport Other           Tloc           0%         N/A       67%         3
 Tukima's Dance           Hex            0%         N/A       67%         3
 Dimensional Bullseye     Hex/Tloc       0%         N/A       97%         4
 Fulminant Prism          Conj/Hex       0%         3d5       97%         4
 Iskenderun's Mystic Bla  Conj/Tloc      0%         2d3       97%         4
 Olgreb's Toxic Radiance  Pois           0%         N/A       97%         4
 Alistair's Intoxication  Tmut/Pois      0%         N/A       100%        5
 Dispersal                Tloc           0%         N/A       100%        6
 Simulacrum               Ice/Necr       0%         N/A       100%        6
 Ozocubu's Refrigeration  Ice            0%         4d7       100%        7
 Polar Vortex             Ice            0%         N/A       100%        9


Dungeon Overview and Level Annotations

Branches:
Dungeon (8/15)             Temple (1/1) D:6          Bailey (1/1)
   Lair: D:8-11

Altars:
Ashenzari
Dithmenos
Elyvilon
Fedhas
Gozag
Hepliaklqana
Kikubaaqudgha
Makhleb
Nemelex Xobeh
Okawaru
Qazlal
Ru
Sif Muna
Trog
Uskayaw
Vehumet
Wu Jian
Xom
Yredelemnul
Zin
The Shining One

Shops:
D:1 (   D:3 (


Innate Abilities, Weirdness & Mutations

You are a creature with a mouth for a stomach.
Your midsection houses a second, enormous mouth.
You cannot wear most types of armour.
You are amphibious.
You can wear up to eight rings at the same time.
Your skin changes colour to match your surroundings (Stealth+).
Your rubbery body absorbs attacks. (AC +1, EV +1)
You are camouflaged when in or above water. (Stealth+)
You have tentacles for arms and can constrict up to eight enemies at once.


Message History

Okay, then.
The orc warlord looks more healthy.
You start resting.
HP restored.
Health restored: 66 You feel very mighty all of a sudden.
You lunge at the orc warlord.
You bludgeon the orc warlord! You grab the orc warlord.
You squeeze the orc warlord.
The orc warlord is heavily wounded.
You constrict the orc warlord, but do no damage.
You block the orc warlord's attack.
You tentacle-slap the orc warlord. You squeeze the orc warlord.
You bite the orc warlord!
The orc warlord is heavily wounded.
You constrict the orc warlord, but do no damage.
The orc warlord hits you with a +5 executioner's axe!!
You take 24 damage, and have 42/66 hp.
MASSIVE DAMAGE!!
You tentacle-slap the orc warlord.
The orc warlord is severely wounded.
You constrict the orc warlord, but do no damage.
The orc warlord hits you with a +5 executioner's axe!!
You take 22 damage, and have 20/66 hp.
MASSIVE DAMAGE!!
You release your grip on the orc warlord.
You lunge at the orc warlord.
You closely miss the orc warlord. You grab the orc warlord.
You bite the orc warlord!
The orc warlord is severely wounded.
You constrict the orc warlord, but do no damage.
You block the orc warlord's attack.
You release your grip on the orc warlord.
You lunge at the orc warlord, in a flurry of attacks.
You tentacle-slap the orc warlord but do no damage.
Your grab misses the orc warlord.
The orc warlord is severely wounded.
You closely miss the orc warlord. You grab the orc warlord.
You squeeze the orc warlord. You bite the orc warlord.
The orc warlord is severely wounded.
You constrict the orc warlord.
The orc warlord hits you with a +5 executioner's axe!!!
Ouch! That really hurt!
You die...

♣♣≈≈≈#####♣♣♣...
♣♣≈≈≈##...##.....
♣♣≈≈≈##.....##....
♣≈≈≈##...8...##~~~
♣≈≈##.........#~))
♣≈≈#........(.#~~)
♣≈≈#..8..8....'...
♣≈≈#........######
♣W≈##.....(##~~~#~
♣o(.##.....#~[....
♣(...##....#~?....
♣♣.....#)...##8.8..
♣......'()...#.....
♣∩.∩...'(....#....∩
♣......((....#.....
♣♣.....#))..##8.8..
♣....##....#~(....


You could see an orc warlord.

Vanquished Creatures
  Jeremiah (D:7)
  A wyvern (D:8)
  A steam dragon (D:7)
  Menkaure (D:7)
  2 water moccasins
  3 sky beasts
  2 ice beasts
  2 black bears
  5 orc warriors (Bailey)
  3 ogres
  2 bullfrogs
  A gnoll sergeant (D:6)
  2 scorpions
  2 howler monkeys (D:6)
  6 orc priests
  3 hounds
  3 jellies
  3 sleepcaps
  4 iguanas
  5 orc wizards
  3 gnolls (D:6)
  8 adders
  2 white imps (D:6)
  2 worms
  A dart slug (D:1)
  24 orcs
  4 endoplasms
  3 giant cockroaches
  15 goblins
  9 hobgoblins
  6 jackals
  4 quokkas
  7 ball pythons
  4 bats
  3 frilled lizards (D:3)
  19 kobolds
166 creatures vanquished.

Notes
Turn   | Place    | Note
-------+----------+-------------------------------------------
     0 | D:1      | Dirtsage the Octopode Shapeshifter began the quest for the
                  | Orb.
     0 | D:1      | Reached XP level 1. HP: 13/13 MP: 1/1
   121 | D:1      | Reached XP level 2. HP: 18/18 MP: 2/2
   337 | D:1      | Found Ofretwel's Weapon Shoppe.
   843 | D:2      | Reached XP level 3. HP: 14/23 MP: 3/3
  1410 | D:3      | Found Cureucs's Weapon Shop.
  1496 | D:3      | Reached XP level 4. HP: 29/29 MP: 4/4
  1661 | D:3      | Found a faded altar of an unknown god.
  1730 | D:3      | Found a broken altar of Ashenzari.
  1760 | D:3      | Reached skill level 4 in Shapeshifting
  1824 | D:3      | Reached XP level 5. HP: 34/34 MP: 5/5
  2240 | D:4      | Found a glowing silver altar of Zin.
  2278 | D:4      | Found an ornate altar of the Wu Jian Council.
  2365 | D:4      | Became a worshipper of the Wu Jian Council
  2454 | D:4      | Noticed an ogre
  2461 | D:4      | Killed an ogre
  2462 | D:4      | Reached XP level 6. HP: 9/41 MP: 6/6
  2468 | D:4      | HP: 3/61 [poisoned by a goblin]
  3120 | D:4      | Reached skill level 5 in Unarmed Combat
  3410 | D:5      | Entered Level 5 of the Dungeon
  3419 | D:5      | HP: 1/41 [ogre/+0 giant club (16)]
  3421 | D:5      | Reached skill level 5 in Shapeshifting
  3582 | D:5      | Noticed a black bear
  3589 | D:5      | Killed a black bear
  3590 | D:5      | Reached XP level 7. HP: 25/46 MP: 7/7
  4235 | D:5      | Found a basalt altar of Yredelemnul.
  4618 | D:5      | Found a sacrificial altar of Ru.
  4657 | D:5      | Found a bloodstained altar of Trog.
  4820 | D:6      | Reached XP level 8. HP: 43/54 MP: 8/8
  5071 | D:6      | Reached skill level 6 in Shapeshifting
  5282 | D:6      | Found a staircase to the Ecumenical Temple.
  5291 | Temple   | Entered the Ecumenical Temple
  5739 | D:6      | Reached * piety under Wu Jian
  5876 | D:6      | Found a shadowy altar of Dithmenos.
  6009 | D:7      | Identified the "Tuif"
  6092 | D:7      | Noticed Jeremiah
  6119 | D:7      | Killed Jeremiah
  6120 | D:7      | Reached skill level 5 in Fighting
  6120 | D:7      | Reached skill level 7 in Shapeshifting
  6120 | D:7      | Reached XP level 9. HP: 34/61 MP: 9/9
  6239 | D:7      | Noticed Menkaure
  6246 | D:7      | Killed Menkaure
  6418 | D:7      | Reached skill level 8 in Shapeshifting
  6620 | D:7      | Found a shimmering blue altar of Sif Muna.
  6737 | D:7      | HP: 2/61 [something (4)]
  7366 | D:8      | Reached skill level 9 in Shapeshifting
  7455 | D:8      | Found a flagged portal.
  7463 | Bailey   | Entered a bailey
  7479 | Bailey   | Noticed an orc warlord
  7484 | Bailey   | Reached ** piety under Wu Jian
  7663 | Bailey   | Reached skill level 10 in Shapeshifting
  7669 | Bailey   | Reached XP level 10. HP: 65/66 MP: 10/10
  7683 | Bailey   | Found a runed translucent gate.
  7685 | Bailey   | Found a runed translucent gate.
  7686 | Bailey   | Found a runed translucent gate.
  8188 | Bailey   | Mangled by an orc warlord

Illustrated notes

Levels and vault maps discovered:
D:1:      dreamdust_arrival_sigmund_warning, layout_loops_cross, serial_shops,
          shop, serial_bayou_lagoon_a
D:2:      layout_loops_ring
D:3:      minmay_angry_zag, layout_rooms, ashenzari_conservatory_becter,
          serial_shops, nicolae_shop_peninsula,
          hellmonk_ecumenical_altar_inner_sanctum
D:4:      layout_gridville, mainiacjoe_overflow_large_starburst, hex_tiny
D:5:      layout_basic, mainiacjoe_overflow_two_lobes,
          mainiacjoe_overflow_catwalk
D:6:      layout_basic, mainiacjoe_overflow_alcove_4,
          minmay_temple_entry_mini_moons, minmay_fractal_squares_5
D:7:      layout_cave_pools, led_sif_book, nicolae_hexahallways, abandoned_shop,
          minmay_checkerbox, uniq_jeremiah, uniq_menkaure
D:8:      layout_loops_ring, erik_lair_dragon, enter_bailey_3
Temple:   cyrus_circular_temple
Bailey:   bailey_axe_bossmonster_kennysheep, bailey

Skill      XL: |  1  2  3  4  5  6  7  8  9 |
---------------+----------------------------+-----
Fighting       | 2 3 5 |  5.1
Unarmed Combat | 4 5 6 7 8 |  8.0
Shapeshifting  | 4 5 7 10 | 10.4
Dodging        | |  2.0

Action                     |  1- 3 |  4- 6 |  7- 9 | 10-12 || total
---------------------------+-------+-------+-------+-------++-------
  Melee: Unarmed           |    62 |   111 |   224 |    24 ||   421
         Tentacles         |    10 |    23 |    55 |     4 ||    92
         Constrict         |    18 |    23 |    44 |     9 ||    94
         Punch             |     1 |     2 |    12 |     1 ||    16
         Maw               |       |       |    14 |    12 ||    26
  Throw: Dart              |       |       |     1 |     6 ||     7
Ability: Lunge             |       |     2 |    27 |     4 ||    33
         Whirlwind         |       |       |    10 |       ||    10
  Evoke: Wand              |       |       |     4 |    11 ||    15
    Use: Potion            |     2 |     2 |     3 |     1 ||     8
         Scroll            |       |     9 |     3 |     3 ||    15
   Stab: Sleeping          |     6 |     5 |     5 |       ||    16
         Distracted        |     1 |       |       |       ||     1
 Armour: Skin              |    20 |    58 |    82 |    10 ||   170
  Dodge: Dodged            |    30 |    52 |    72 |     4 ||   158
  Block: Other             |       |       |    22 |     4 ||    26
         Reflection        |       |       |     1 |       ||     1
   Form: Maw               |       |       |     1 |       ||     1

Table legend: (Time is in decaauts)
 A = Elapsed time spent in this place.
 B = Non-inter-level travel time spent in this place.
 C = Inter-level travel time spent in this place.
 D = Time resting spent in this place.
 E = Time spent auto-exploring this place.
 F = Levels seen in this place.
 G = Mean time per level.
                   A        B        C        D        E       F      G
               +--------+--------+--------+--------+--------+-----+--------+
         Total |   8145 |   7993 |    152 |    359 |   6373 |  10 |  814.5 |
       Dungeon |   7424 |   7272 |    152 |    222 |   6058 |   8 |  928.0 |
        Temple |      1 |      1 |      0 |      0 |      0 |   1 |    1.0 |
        Bailey |    718 |    718 |      0 |    137 |    315 |   1 |  718.0 |
               +--------+--------+--------+--------+--------+-----+--------+

Top non-repeatable levels by time:
     D:7: 1341 daAuts
     D:6: 1306 daAuts
     D:5: 1278 daAuts
     D:4: 1214 daAuts
     D:2: 762 daAuts
     D:3: 731 daAuts
  Bailey: 718 daAuts
     D:1: 689 daAuts
     D:8: 100 daAuts
  Temple: 1 daAuts
